 Dungeon Crawl Stone Soup version 0.31-a0-164-g2312942fda (webtiles) character file.

Game seed: 13624006717799369359

75490 qw the Marksnaga (level 15, -1/144 HPs)
             Began as a Naga Hunter on June 13, 2023.
             Was a High Priest of Okawaru.
             Slain by a boulder beetle (18 damage)
             ... on level 13 of the Dungeon.
             The game lasted 00:09:14 (21121 turns).

qw the Marksnaga (Naga Hunter)                     Turns: 21121, Time: 00:09:14

Health: -1/144     AC: 24    Str: 14    XL:     15   Next: 50%
Magic:  21/22      EV: 17    Int: 10    God:    Okawaru [*****.]
Gold:   1928       SH:  0    Dex: 21    Spells: 14/14 levels left

rFire   . . .        Y - +4 longbow (flame)
rCold   + . .        (shield currently unavailable)
rNeg    . . .        p - +1 steam dragon scales
rPois   +            m - +0 helmet
rElec   .            f - +0 cloak
rCorr   .            (no gloves)
SInv    +            o - +0 barding {Fly}
Will    +....        n - amulet of faith
Stlth   ++++         b - +4 ring of protection
HPRegen 0.44/turn    i - ring of protection from cold
MPRegen 0.18/turn

%: faith
@: about to teleport, heroic, flying, very slow
A: AC +5, large, see invisible, deformed body, poison resistance, slowness 2,
spit poison 1, naga tail 2
a: Spit Poison, Renounce Religion, Heroism, Finesse, Duel


You were on level 13 of the Dungeon.
You worshipped Okawaru.
Okawaru was extremely pleased with you.
You visited 3 branches of the dungeon, and saw 19 of its levels.
You also visited: Sewer.

You collected 2288 gold pieces.
You spent 360 gold pieces at shops.


Innate Abilities, Weirdness & Mutations

Your serpentine skin is tough. (AC +5)
You have supernaturally acute eyesight. (SInv)
Armour fits poorly on your strangely shaped body.
Your system is resistant to poisons. (rPois)
You cover ground very slowly.
You can spit poison.
You can use your snake-like lower body to constrict enemies.


   Skills:
 - Level 12.0(17.0) Fighting
 + Level 18.3(23.3) Ranged Weapons
 - Level 6.0(11.0) Armour
 - Level 8.0(13.0) Dodging
 - Level 1.5(6.5) Stealth
 - Level 10.0 Invocations


You had 14 spell levels left.
You didn't know any spells.
Your spell library was empty.

Inventory:

Hand Weapons
 Y - a +4 longbow of flaming (weapon)
Armour
 f - a +0 cloak (worn)
 m - a +0 helmet (worn)
 o - a +0 barding of flying (worn)
 p - +1 steam dragon scales (worn)
 q - the +1 barding of the Dropbear {rElec rPois rF- Str+9}
   (Okawaru gifted it to you on level 12 of the Dungeon)

   Str:       It affects your strength (+9).
   rF:        It makes you vulnerable to fire.
   rElec:     It insulates you from electricity.
   rPois:     It protects you from poison.
Jewellery
 b - a +4 ring of protection (left hand)
 d - a ring of fire
 i - a ring of protection from cold (right hand)
 k - an amulet of reflection
 l - a ring of willpower
 n - an amulet of faith (around neck)
 s - a +6 ring of strength
 u - the ring "Tapomeul" {Fire rPois Str+2 Int+3}
   (You found it on level 5 of the Lair of Beasts)

   [ring of fire]

   It enhances your fire magic.
   Str:       It affects your strength (+2).
   Int:       It affects your intelligence (+3).
   rF:        It protects you from fire.
   rC:        It makes you vulnerable to cold.
   rPois:     It protects you from poison.
Wands
 t - a wand of digging (5)
Scrolls
 a - 3 scrolls of identify
 r - 6 scrolls of teleportation
Potions
 c - 3 potions of magic
 e - 5 potions of resistance
 g - a potion of heal wounds
 h - 10 potions of curing
 j - 2 potions of might
 v - 2 potions of mutation
 w - a potion of degeneration {unknown}

Dungeon Overview and Level Annotations

Branches:
Dungeon (13/15)            Temple (1/1) D:5            Lair (5/5) D:9
  Swamp (0/4) Lair:2       Spider (0/4) Lair:3        Slime (0/5) Lair:4
    Orc (0/2) D:10         Vaults (0/5) D:13          Sewer (visited)

Altars:
Ashenzari
Cheibriados
Dithmenos
Elyvilon
Fedhas
Gozag
Hepliaklqana
Kikubaaqudgha
Makhleb
Nemelex Xobeh
Okawaru
Qazlal
Ru
Sif Muna
Trog
Uskayaw
Vehumet
Wu Jian
Xom
Yredelemnul
Zin
The Shining One
Jiyva

Shops:
D:1 =   D:8 =!

Annotations:
D:7 1 runed translucent door, Crazy Yiuf
Lair:1 2 transporters, qw's ghost, novice GrHu
Lair:4 1 runed translucent door


Message History

You shoot an arrow. The arrow hits the boulder beetle.
The arrow burns the boulder beetle.
The boulder beetle is heavily wounded.
The boulder beetle bites you but does no damage.
The vault guard hits you but does no damage.
The boulder beetle bites you! The vault guard closely misses you.
The vault guard hits you with a +0 great mace!
You shoot an arrow.
The arrow hits the boulder beetle but does no damage.
The boulder beetle is heavily wounded.
The boulder beetle bites you but does no damage.
The vault guard hits you with a +1 war axe of electrocution.
The vault guard hits you but does no damage.
The boulder beetle bites you!
The vault guard hits you with a +0 great mace!
You shoot an arrow. The arrow hits the boulder beetle!!
The arrow burns the boulder beetle!
The boulder beetle is almost dead.
The boulder beetle bites you!
The vault guard hits you but does no damage.
You are electrocuted!
The vault guard hits you but does no damage.
The boulder beetle completely misses you.
The vault guard hits you but does no damage.
21120 ||| READING 7 scrolls of teleportation.
As you read the scroll of teleportation, it crumbles to dust.
You feel strangely unstable.
The boulder beetle leaps!
The vault guard hits you with a +1 war axe of electrocution!
The vault guard closely misses you.
The vault guard hits you but does no damage.
The boulder beetle closely misses you.
21121 ||| DRINKING 2 potions of heal wounds.
You feel much better.
The boulder beetle bites you but does no damage.
The vault guard hits you but does no damage.
The vault guard closely misses you.
The vault guard hits you with a +0 great mace!
The boulder beetle bites you!!
You die...

.. .. # ## .
#. #### #.
.... #.## #
.#.# #..##
... ##
#.B0## #op.#
.#
#..@B#C.....
.#
#.ppppp..\.(
.# ..#
#..Jy#o.....
. ...#
#...## #...#
. . ..#
#..## ... ..
... #.## ##
... #.###.##
#.#....#
#.#.#...#


You could see a death knight (reflects damage), 2 boulder beetles, 4 vault
guards, a slime creature, a vampire mosquito and an orc wizard (invisible).

Vanquished Creatures
  Kirke (D:12)
  A war gargoyle (D:12)
  A vampire knight (D:12)
  A dire elephant (Lair:5)
  A rakshasa (D:13)
  6 hydras
  Erolcha (D:13)
  3 catoblepae
  4 boulder beetles
  2 centaur warriors
  7 two-headed ogres
  An anaconda (Lair:5)
  Urug (D:11)
  A skyshark (Lair:3)
  A shadow wraith (D:12)
  4 skeletal warriors (D:12)
  A wizard (D:9)
  3 lindwurms (Lair:5)
  An oklob plant (Lair:3)
  2 deep elf pyromancers (D:12)
  5 manticores
  A wolf spider (Lair:3)
  3 ugly things (D:12)
  3 cyclopes
  3 elephants (Lair:5)
  7 black mambas
  A torpor snail (Lair:5)
  2 gargoyles (D:12)
  15 cane toads
  10 komodo dragons
  5 rime drakes
  2 unseen horrors
  A freezing wraith (D:12)
  2 kobold demonologists
  8 trolls
  12 polar bears
  A tengu conjurer (D:13)
  A tyrant leech (Lair:2)
  A wolf spider simulacrum (D:13)
  Grinder (D:5)
  3 raiju (Lair:5)
  13 blink frogs
  A jumping spider (Lair:3)
  A vampire (D:9)
  Sigmund (D:5)
  A culicivora (Lair:3)
  4 shadows
  A hog (D:12)
  2 wraiths
  47 yaks
  5 wyverns
  A steam dragon (D:9)
  3 basilisks
  A redback (Lair:3)
  Grum (D:8)
  5 humans (D:12)
  2 vampire mosquitoes
  A swamp worm (Lair:2)
  6 wargs (Lair:5)
  19 water moccasins
  5 acid dragons
  Duvessa (D:5)
  Pargi (D:4)
  12 hell hounds (Lair:5)
  8 orc warriors
  A sky beast (D:8)
  14 black bears
  10 ogres
  13 centaurs
  27 wolves
  Blork the orc (D:4)
  6 kobold brigands
  11 bullfrogs
  5 gnoll sergeants
  A scorpion (D:9)
  12 wights
  Dowan (D:5)
  4 killer bees (D:7)
  5 howler monkeys
  A jelly (D:5)
  4 orc priests
  A gnoll bouda (D:8)
  4 hounds
  2 sleepcaps
  Ijyb (D:3)
  An iguana (D:4)
  11 orc wizards
  A hell rat (Sewer)
  6 adders
  2 river rats (Sewer)
  28 gnolls
  3 shadow imps
  2 white imps
  5 dart slugs
  A worm (D:2)
  43 orcs
  8 ball pythons
  7 endoplasms
  2 giant cockroaches
  10 goblins
  5 hobgoblins
  6 jackals (D:2)
  2 quokkas
  6 bats
  6 frilled lizards
  26 kobolds
  14 rats
591 creatures vanquished.

Notes
Turn   | Place    | Note
-------+----------+-------------------------------------------
     0 | D:1      | qw the Naga Hunter began the quest for the Orb.
     0 | D:1      | Reached XP level 1. HP: 19/19 MP: 1/1
     0 | D:1      | 0 ||| qw: Version: 0.2-a-29-gc1b59c4
     0 | D:1      | 0 ||| qw: Game counter: 4484
     0 | D:1      | 0 ||| qw: Always use a shield: true
     0 | D:1      | 0 ||| qw: God list: Okawaru
     0 | D:1      | 0 ||| qw: Allow faded altars: false
     0 | D:1      | 0 ||| qw: Do Orc after D:15 true
     0 | D:1      | 0 ||| qw: Do second Lair branch before Depths: true
     0 | D:1      | 0 ||| qw: Lair rune preference: random
     0 | D:1      | 0 ||| qw: Plans: Normal
     0 | D:1      | 0 ||| PLANNING D:1-11
    98 | D:1      | 98 ||| INVOKING Spit Poison.
   102 | D:1      | 102 ||| INVOKING Spit Poison.
   150 | D:1      | 150 ||| INVOKING Spit Poison.
   155 | D:1      | 155 ||| INVOKING Spit Poison.
   157 | D:1      | Reached skill level 4 in Ranged Weapons
   157 | D:1      | Reached XP level 2. HP: 23/26 MP: 2/2
   175 | D:1      | 175 ||| INVOKING Spit Poison.
   176 | D:1      | 176 ||| INVOKING Spit Poison.
   181 | D:1      | 181 ||| INVOKING Spit Poison.
   186 | D:1      | 186 ||| INVOKING Spit Poison.
   203 | D:1      | 203 ||| INVOKING Spit Poison.
   209 | D:1      | 209 ||| INVOKING Spit Poison.
   215 | D:1      | 215 ||| INVOKING Spit Poison.
   219 | D:1      | 219 ||| INVOKING Spit Poison.
   231 | D:1      | 231 ||| INVOKING Spit Poison.
   345 | D:1      | 345 ||| INVOKING Spit Poison.
   354 | D:1      | 354 ||| INVOKING Spit Poison.
   358 | D:1      | 358 ||| INVOKING Spit Poison.
   360 | D:1      | Reached XP level 3. HP: 32/32 MP: 3/3
   407 | D:1      | 407 ||| INVOKING Spit Poison.
   453 | D:1      | Found Qepnoz's One-of-a-Kind Rings.
   457 | D:1      | 457 ||| SHOPLISTING +8 ring of dexterity (605 gold, have
                  | 32).
   457 | D:1      | 457 ||| SHOPLISTING +9 ring of slaying (2482 gold, have
                  | 32).
   457 | D:1      | 457 ||| SHOPLISTING ring of Atwi {Will+ Str+4 Dex+2} (490
                  | gold, have 32).
   720 | D:1      | 720 ||| UPGRADING to +0 cloak.
   725 | D:1      | 725 ||| READING scroll labelled VIVAYM QUDEOC.
   726 | D:1      | 726 ||| READING scroll labelled NYIB ACKOPPI.
   727 | D:1      | 727 ||| DROPPING scroll of butterflies.
   795 | D:2      | 795 ||| INVOKING Spit Poison.
   811 | D:2      | 811 ||| INVOKING Spit Poison.
   818 | D:2      | 818 ||| INVOKING Spit Poison.
   860 | D:2      | 860 ||| INVOKING Spit Poison.
   885 | D:2      | 885 ||| INVOKING Spit Poison.
   896 | D:2      | 896 ||| INVOKING Spit Poison.
   899 | D:2      | 899 ||| INVOKING Spit Poison.
   904 | D:2      | 904 ||| INVOKING Spit Poison.
   909 | D:2      | 909 ||| INVOKING Spit Poison.
   986 | D:2      | 986 ||| INVOKING Spit Poison.
   997 | D:2      | 997 ||| INVOKING Spit Poison.
  1002 | D:2      | 1002 ||| INVOKING Spit Poison.
  1054 | D:2      | 1054 ||| INVOKING Spit Poison.
  1144 | D:2      | 1144 ||| INVOKING Spit Poison.
  1147 | D:2      | Reached skill level 5 in Ranged Weapons
  1147 | D:2      | Reached XP level 4. HP: 39/39 MP: 4/4
  1413 | D:2      | 1413 ||| INVOKING Spit Poison.
  1426 | D:2      | 1426 ||| INVOKING Spit Poison.
  1504 | D:2      | 1504 ||| INVOKING Spit Poison.
  1525 | D:2      | 1525 ||| UPGRADING to +4 ring of protection.
  1526 | D:2      | 1526 ||| UPGRADING to ring of willpower.
  1527 | D:2      | 1527 ||| READING 2 scrolls labelled YHAECEN ARPHAWI.
  1528 | D:2      | 1528 ||| READING 2 scrolls of identify.
  1528 | D:2      | 1528 ||| IDENTIFYING amethyst potion
  1529 | D:2      | 1529 ||| DROPPING scroll of vulnerability.
  1592 | D:3      | 1592 ||| PLANNING SEWER
  1606 | D:3      | Found a glowing drain.
  1614 | D:3      | 1614 ||| INVOKING Spit Poison.
  1623 | Sewer    | Entered a sewer
  1625 | Sewer    | 1625 ||| INVOKING Spit Poison.
  1631 | Sewer    | 1631 ||| INVOKING Spit Poison.
  1635 | Sewer    | 1635 ||| INVOKING Spit Poison.
  1666 | Sewer    | 1666 ||| INVOKING Spit Poison.
  1667 | Sewer    | Reached skill level 3 in Fighting
  1675 | Sewer    | 1675 ||| INVOKING Spit Poison.
  1680 | Sewer    | 1680 ||| INVOKING Spit Poison.
  1684 | Sewer    | Reached XP level 5. HP: 49/49 MP: 5/5
  1700 | Sewer    | 1700 ||| READING scroll of enchant weapon.
  1700 | Sewer    | 1700 ||| ENCHANTING +1 shortbow.
  1724 | Sewer    | 1724 ||| READING scroll labelled NIEMAMAQUM.
  1725 | Sewer    | 1725 ||| READING scroll labelled JUKHAE RUFOMP.
  1726 | Sewer    | 1726 ||| READING 2 scrolls of identify.
  1726 | Sewer    | 1726 ||| IDENTIFYING viscous blue potion
  1734 | D:3      | 1734 ||| PLANNING D:1-11
  1770 | D:3      | 1770 ||| INVOKING Spit Poison.
  1781 | D:3      | 1781 ||| INVOKING Spit Poison.
  1794 | D:3      | 1794 ||| INVOKING Spit Poison.
  1800 | D:3      | 1800 ||| INVOKING Spit Poison.
  1879 | D:3      | 1879 ||| INVOKING Spit Poison.
  1900 | D:3      | Noticed Ijyb
  1901 | D:3      | 1901 ||| INVOKING Spit Poison.
  1906 | D:3      | 1906 ||| INVOKING Spit Poison.
  1908 | D:3      | Killed Ijyb
  1911 | D:3      | 1911 ||| INVOKING Spit Poison.
  2007 | D:3      | 2007 ||| INVOKING Spit Poison.
  2014 | D:3      | 2014 ||| INVOKING Spit Poison.
  2032 | D:3      | 2032 ||| INVOKING Spit Poison.
  2072 | D:3      | 2072 ||| INVOKING Spit Poison.
  2080 | D:3      | Found a faded altar of an unknown god.
  2113 | D:3      | 2113 ||| INVOKING Spit Poison.
  2302 | D:3      | 2302 ||| INVOKING Spit Poison.
  2610 | D:3      | 2610 ||| UPGRADING to +0 helmet.
  2615 | D:3      | 2615 ||| UPGRADING to ring of protection from cold.
  2617 | D:3      | 2617 ||| READING scroll labelled VUTEIG WEERINEXKE.
  2618 | D:3      | 2618 ||| READING scroll labelled HIRETW HUPAU.
  2634 | D:4      | Noticed an ogre
  2635 | D:4      | 2635 ||| INVOKING Spit Poison.
  2638 | D:4      | Killed an ogre
  2639 | D:4      | Reached skill level 6 in Ranged Weapons
  2639 | D:4      | Reached XP level 6. HP: 56/56 MP: 6/6
  2642 | D:4      | 2642 ||| INVOKING Spit Poison.
  2655 | D:4      | 2655 ||| INVOKING Spit Poison.
  2664 | D:4      | 2664 ||| INVOKING Spit Poison.
  2669 | D:4      | 2669 ||| INVOKING Spit Poison.
  2710 | D:4      | Noticed Pargi
  2711 | D:4      | 2711 ||| INVOKING Spit Poison.
  2715 | D:4      | 2715 ||| INVOKING Spit Poison.
  2719 | D:4      | Killed Pargi
  2720 | D:4      | Reached XP level 7. HP: 46/66 MP: 7/7
  2720 | D:4      | 2720 ||| INVOKING Spit Poison.
  2724 | D:4      | 2724 ||| INVOKING Spit Poison.
  2728 | D:4      | 2728 ||| INVOKING Spit Poison.
  2971 | D:4      | Found an opulent altar of Gozag.
  3012 | D:4      | 3012 ||| INVOKING Spit Poison.
  3074 | D:4      | 3074 ||| INVOKING Spit Poison.
  3079 | D:4      | 3079 ||| INVOKING Spit Poison.
  3178 | D:4      | Noticed Blork the orc
  3181 | D:4      | 3181 ||| INVOKING Spit Poison.
  3186 | D:4      | 3186 ||| INVOKING Spit Poison.
  3189 | D:4      | 3189 ||| INVOKING Spit Poison.
  3192 | D:4      | Killed Blork the orc
  3257 | D:4      | 3257 ||| INVOKING Spit Poison.
  3297 | D:4      | 3297 ||| INVOKING Spit Poison.
  3300 | D:4      | 3300 ||| INVOKING Spit Poison.
  3304 | D:4      | 3304 ||| INVOKING Spit Poison.
  3395 | D:4      | 3395 ||| INVOKING Spit Poison.
  3399 | D:4      | 3399 ||| INVOKING Spit Poison.
  3402 | D:4      | 3402 ||| INVOKING Spit Poison.
  3403 | D:4      | Reached skill level 7 in Ranged Weapons
  3509 | D:4      | 3509 ||| READING scroll labelled JAFRU FIUTH.
  3510 | D:4      | 3510 ||| DRINKING 3 metallic pink potions.
  3531 | D:5      | Entered Level 5 of the Dungeon
  3548 | D:5      | 3548 ||| INVOKING Spit Poison.
  3551 | D:5      | 3551 ||| INVOKING Spit Poison.
  3571 | D:5      | 3571 ||| INVOKING Spit Poison.
  3680 | D:5      | Noticed Sigmund
  3682 | D:5      | 3682 ||| INVOKING Spit Poison.
  3687 | D:5      | Killed Sigmund
  3688 | D:5      | Reached XP level 8. HP: 73/73 MP: 8/8
  3818 | D:5      | 3818 ||| INVOKING Spit Poison.
  3901 | D:5      | Noticed Grinder
  3910 | D:5      | Killed Grinder
  3911 | D:5      | Reached skill level 8 in Ranged Weapons
  3977 | D:5      | 3977 ||| INVOKING Spit Poison.
  3981 | D:5      | 3981 ||| INVOKING Spit Poison.
  3986 | D:5      | 3986 ||| INVOKING Spit Poison.
  3989 | D:5      | 3989 ||| INVOKING Spit Poison.
  3997 | D:5      | Found a staircase to the Ecumenical Temple.
  3998 | D:5      | 3998 ||| PLANNING TEMPLE
  3998 | D:5      | 3998 ||| READING scroll labelled KIDWEC NOHI.
  4008 | Temple   | Entered the Ecumenical Temple
  4039 | Temple   | 4039 ||| PLANNING OKAWARU WORSHIP
  4056 | Temple   | Became a worshipper of Warmaster Okawaru
  4056 | Temple   | 4056 ||| PLANNING D:1-11
  4177 | D:5      | Noticed Duvessa
  4177 | D:5      | Noticed Dowan
  4178 | D:5      | 4178 ||| INVOKING Spit Poison.
  4185 | D:5      | 4185 ||| INVOKING Spit Poison.
  4185 | D:5      | Killed Duvessa
  4189 | D:5      | 4189 ||| INVOKING Spit Poison.
  4196 | D:5      | Killed Dowan
  4344 | D:5      | 4344 ||| INVOKING Spit Poison.
  4349 | D:5      | 4349 ||| INVOKING Spit Poison.
  4352 | D:5      | Reached skill level 9 in Ranged Weapons
  4575 | D:6      | 4575 ||| INVOKING Spit Poison.
  4580 | D:6      | 4580 ||| STAIRDANCE
  4582 | D:5      | 4582 ||| INVOKING Spit Poison.
  4585 | D:5      | 4585 ||| INVOKING Spit Poison.
  4586 | D:5      | Reached XP level 9. HP: 35/79 MP: 9/9
  4590 | D:5      | HP: 19/79 [wight/+0 mace of protection (6)]
  4591 | D:5      | 4591 ||| DRINKING 2 potions of heal wounds.
  4594 | D:5      | Reached * piety under Okawaru
  4756 | D:6      | Reached skill level 1 in Invocations
  4842 | D:6      | 4842 ||| INVOKING Heroism.
  4846 | D:6      | Reached skill level 3 in Dodging
  5003 | D:6      | 5003 ||| INVOKING Spit Poison.
  5016 | D:6      | 5016 ||| INVOKING Spit Poison.
  5022 | D:6      | 5022 ||| INVOKING Spit Poison.
  5038 | D:6      | 5038 ||| INVOKING Spit Poison.
  5084 | D:6      | 5084 ||| INVOKING Spit Poison.
  5089 | D:6      | 5089 ||| INVOKING Spit Poison.
  5096 | D:6      | 5096 ||| INVOKING Heroism.
  5103 | D:6      | Reached skill level 6 in Fighting
  5103 | D:6      | Reached skill level 3 in Invocations
  5313 | D:6      | 5313 ||| INVOKING Spit Poison.
  5320 | D:6      | 5320 ||| INVOKING Spit Poison.
  5325 | D:6      | 5325 ||| INVOKING Spit Poison.
  5388 | D:6      | 5388 ||| UPGRADING to +0 steam dragon scales.
  5389 | D:6      | 5389 ||| UPGRADING to +0 steam dragon scales.
  5392 | D:6      | 5392 ||| UPGRADING to +0 steam dragon scales.
  5402 | D:6      | 5402 ||| INVOKING Spit Poison.
  5409 | D:6      | 5409 ||| INVOKING Spit Poison.
  5414 | D:6      | 5414 ||| INVOKING Spit Poison.
  5436 | D:6      | 5436 ||| DROPPING +0 leather armour.
  5469 | D:6      | 5469 ||| INVOKING Spit Poison.
  5473 | D:6      | 5473 ||| INVOKING Spit Poison.
  5489 | D:6      | 5489 ||| INVOKING Spit Poison.
  5495 | D:6      | 5495 ||| INVOKING Spit Poison.
  5501 | D:6      | 5501 ||| INVOKING Spit Poison.
  5546 | D:6      | 5546 ||| INVOKING Spit Poison.
  5551 | D:6      | 5551 ||| INVOKING Spit Poison.
  5561 | D:6      | 5561 ||| INVOKING Spit Poison.
  5575 | D:6      | 5575 ||| INVOKING Spit Poison.
  5585 | D:6      | 5585 ||| INVOKING Spit Poison.
  5593 | D:6      | 5593 ||| INVOKING Spit Poison.
  5612 | D:6      | 5612 ||| INVOKING Spit Poison.
  5624 | D:6      | 5624 ||| INVOKING Spit Poison.
  5630 | D:6      | 5630 ||| INVOKING Spit Poison.
  5636 | D:6      | 5636 ||| INVOKING Spit Poison.
  5680 | D:6      | 5680 ||| INVOKING Spit Poison.
  5697 | D:6      | 5697 ||| INVOKING Spit Poison.
  5708 | D:6      | 5708 ||| INVOKING Spit Poison.
  5714 | D:6      | 5714 ||| INVOKING Spit Poison.
  5718 | D:6      | 5718 ||| INVOKING Spit Poison.
  5777 | D:6      | 5777 ||| READING 2 scrolls labelled TUXZAMP CAAPEF.
  5777 | D:6      | Identified 2 scrolls of acquirement
  5777 | D:6      | 5777 ||| ACQUIRING +2 longbow of flaming
  5777 | D:6      | Acquired a +2 longbow of flaming
  5779 | D:6      | 5779 ||| SWAPPING to +2 longbow of flaming.
  5780 | D:6      | 5780 ||| DROPPING +2 shortbow.
  5781 | D:6      | 5781 ||| READING scroll of acquirement.
  5781 | D:6      | 5781 ||| ACQUIRING +0 barding of flying
  5781 | D:6      | Acquired a +0 barding of flying
  5783 | D:6      | 5783 ||| UPGRADING to +0 barding of flying.
  5788 | D:6      | 5788 ||| READING 4 scrolls of identify.
  5788 | D:6      | 5788 ||| IDENTIFYING yellow potion
  5789 | D:6      | 5789 ||| READING 3 scrolls of identify.
  5789 | D:6      | 5789 ||| IDENTIFYING fizzy inky potion
  5790 | D:6      | 5790 ||| READING 2 scrolls of identify.
  5790 | D:6      | 5790 ||| IDENTIFYING sapphire potion
  5791 | D:6      | 5791 ||| DROPPING potion of attraction.
  5818 | D:7      | 5818 ||| INVOKING Heroism.
  5819 | D:7      | 5819 ||| INVOKING Spit Poison.
  5820 | D:7      | 5820 ||| Stepping ~*~*~tactically~*~*~ (outnumbered).
  5824 | D:7      | 5824 ||| INVOKING Spit Poison.
  5829 | D:7      | 5829 ||| INVOKING Spit Poison.
  5857 | D:7      | 5857 ||| INVOKING Spit Poison.
  5858 | D:7      | 5858 ||| Stepping ~*~*~tactically~*~*~ (outnumbered).
  5861 | D:7      | 5861 ||| INVOKING Spit Poison.
  5866 | D:7      | 5866 ||| INVOKING Spit Poison.
  5902 | D:7      | 5902 ||| INVOKING Spit Poison.
  5907 | D:7      | 5907 ||| INVOKING Spit Poison.
  5909 | D:7      | 5909 ||| INVOKING Heroism.
  5913 | D:7      | 5913 ||| INVOKING Spit Poison.
  5921 | D:7      | HP: 20/82 [poisoned by a killer bee]
  6136 | D:7      | 6136 ||| INVOKING Heroism.
  6137 | D:7      | 6137 ||| INVOKING Spit Poison.
  6179 | D:7      | 6179 ||| INVOKING Spit Poison.
  6183 | D:7      | Reached skill level 10 in Ranged Weapons
  6314 | D:7      | 6314 ||| INVOKING Spit Poison.
  6317 | D:7      | Reached skill level 3 in Armour
  6360 | D:7      | 6360 ||| INVOKING Heroism.
  6361 | D:7      | 6361 ||| INVOKING Spit Poison.
  6418 | D:7      | 6418 ||| Stepping ~*~*~tactically~*~*~ (outnumbered).
  6420 | D:7      | 6420 ||| Stepping ~*~*~tactically~*~*~ (outnumbered).
  6421 | D:7      | 6421 ||| INVOKING Spit Poison.
  6426 | D:7      | 6426 ||| INVOKING Spit Poison.
  6429 | D:7      | 6429 ||| INVOKING Spit Poison.
  6435 | D:7      | 6435 ||| INVOKING Spit Poison.
  6522 | D:7      | Found a runed translucent door.
  6523 | D:7      | Noticed Crazy Yiuf
  6838 | D:7      | 6838 ||| DROPPING +0 ring mail of poison resistance.
  6839 | D:7      | 6839 ||| DROPPING ring of wizardry.
  7028 | D:8      | Found a glowing golden altar of the Shining One.
  7059 | D:8      | 7059 ||| INVOKING Spit Poison.
  7061 | D:8      | Reached XP level 10. HP: 94/94 MP: 13/13
  7063 | D:8      | 7063 ||| INVOKING Spit Poison.
  7068 | D:8      | 7068 ||| INVOKING Spit Poison.
  7074 | D:8      | 7074 ||| INVOKING Spit Poison.
  7077 | D:8      | 7077 ||| INVOKING Heroism.
  7079 | D:8      | 7079 ||| INVOKING Spit Poison.
  7178 | D:8      | Found Usexelio's Jewellery Shop.
  7187 | D:8      | 7187 ||| SHOPLISTING +4 ring of protection (504 gold, have
                  | 467).
  7187 | D:8      | 7187 ||| SHOPLISTING +4 ring of slaying (1092 gold, have
                  | 467).
  7187 | D:8      | 7187 ||| SHOPLISTING +5 ring of evasion (504 gold, have
                  | 467).
  7187 | D:8      | 7187 ||| SHOPLISTING +6 ring of dexterity (504 gold, have
                  | 467).
  7230 | D:8      | Found Ykulato's Distillery.
  7237 | D:8      | 7237 ||| BUYING 2 potions of heal wounds (150 gold).
  7237 | D:8      | Bought 2 potions of heal wounds for 150 gold pieces
  7237 | D:8      | 7237 ||| BUYING potion of curing (45 gold).
  7237 | D:8      | Bought a potion of curing for 45 gold pieces
  7237 | D:8      | 7237 ||| BUYING potion of curing (45 gold).
  7237 | D:8      | Bought a potion of curing for 45 gold pieces
  7237 | D:8      | 7237 ||| BUYING potion of magic (120 gold).
  7237 | D:8      | Bought a potion of magic for 120 gold pieces
  7237 | D:8      | 7237 ||| SHOPLISTING potion of mutation (120 gold, have
                  | 115).
  7298 | D:8      | 7298 ||| READING scroll of enchant weapon.
  7298 | D:8      | 7298 ||| ENCHANTING +2 longbow of flaming.
  7309 | D:8      | Noticed Grum
  7310 | D:8      | 7310 ||| INVOKING Heroism.
  7311 | D:8      | 7311 ||| INVOKING Spit Poison.
  7314 | D:8      | 7314 ||| INVOKING Spit Poison.
  7319 | D:8      | 7319 ||| INVOKING Spit Poison.
  7321 | D:8      | Killed Grum
  7702 | D:8      | 7702 ||| INVOKING Spit Poison.
  7703 | D:8      | 7703 ||| Stepping ~*~*~tactically~*~*~ (outnumbered).
  7706 | D:8      | 7706 ||| INVOKING Spit Poison.
  7712 | D:8      | 7712 ||| INVOKING Spit Poison.
  7715 | D:8      | 7715 ||| INVOKING Heroism.
  7720 | D:8      | 7720 ||| INVOKING Spit Poison.
  7859 | D:8      | Reached skill level 11 in Ranged Weapons
  7959 | D:8      | 7959 ||| UPGRADING to amulet of reflection.
  7964 | D:8      | 7964 ||| READING scroll labelled UTOHOLUEPS.
  7965 | D:8      | 7965 ||| DRINKING 2 fizzy puce potions.
  8009 | D:8      | 8009 ||| DROPPING potion of lignification.
  8030 | D:9      | 8030 ||| INVOKING Spit Poison.
  8035 | D:9      | 8035 ||| INVOKING Spit Poison.
  8038 | D:9      | 8038 ||| INVOKING Spit Poison.
  8050 | D:9      | 8050 ||| INVOKING Heroism.
  8051 | D:9      | 8051 ||| INVOKING Spit Poison.
  8056 | D:9      | 8056 ||| Stepping ~*~*~tactically~*~*~ (outnumbered).
  8057 | D:9      | 8057 ||| INVOKING Spit Poison.
  8065 | D:9      | 8065 ||| INVOKING Spit Poison.
  8075 | D:9      | Noticed a two-headed ogre
  8076 | D:9      | 8076 ||| INVOKING Heroism.
  8078 | D:9      | 8078 ||| INVOKING Spit Poison.
  8080 | D:9      | Killed a two-headed ogre
  8080 | D:9      | Reached ** piety under Okawaru
  8166 | D:9      | Found an ancient bone altar of Kikubaaqudgha.
  8169 | D:9      | Found a blossoming altar of Fedhas.
  8205 | D:9      | 8205 ||| INVOKING Spit Poison.
  8234 | D:9      | Noticed a wizard
  8237 | D:9      | 8237 ||| INVOKING Heroism.
  8238 | D:9      | 8238 ||| INVOKING Spit Poison.
  8242 | D:9      | Killed a wizard
  8245 | D:9      | 8245 ||| INVOKING Spit Poison.
  8249 | D:9      | 8249 ||| INVOKING Spit Poison.
  8348 | D:9      | 8348 ||| INVOKING Spit Poison.
  8348 | D:9      | Reached *** piety under Okawaru
  8355 | D:9      | 8355 ||| INVOKING Spit Poison.
  8359 | D:9      | 8359 ||| INVOKING Spit Poison.
  8370 | D:9      | 8370 ||| INVOKING Spit Poison.
  8380 | D:9      | 8380 ||| INVOKING Spit Poison.
  8385 | D:9      | You are sucked into a shaft and drop 1 floor!
  8385 | D:10     | Entered Level 10 of the Dungeon
  8394 | D:10     | 8394 ||| INVOKING Spit Poison.
  8400 | D:10     | 8400 ||| INVOKING Spit Poison.
  8404 | D:10     | Reached XP level 11. HP: 95/103 MP: 14/14
  8405 | D:10     | 8405 ||| INVOKING Spit Poison.
  8410 | D:10     | 8410 ||| INVOKING Heroism.
  8412 | D:10     | 8412 ||| INVOKING Spit Poison.
  8414 | D:10     | HP: 25/103 [wyvern (12)]
  8415 | D:10     | 8415 ||| READING 2 scrolls of teleportation.
  8416 | D:10     | 8416 ||| DRINKING 5 potions of heal wounds.
  8418 | D:10     | 8418 ||| INVOKING Spit Poison.
  8594 | D:10     | Noticed a two-headed ogre
  8595 | D:10     | 8595 ||| INVOKING Heroism.
  8598 | D:10     | 8598 ||| INVOKING Spit Poison.
  8601 | D:10     | 8601 ||| Stepping ~*~*~tactically~*~*~ (outnumbered).
  8602 | D:10     | 8602 ||| Stepping ~*~*~tactically~*~*~ (outnumbered).
  8603 | D:10     | 8603 ||| INVOKING Spit Poison.
  8606 | D:10     | Killed a two-headed ogre
  8607 | D:10     | Reached skill level 12 in Ranged Weapons
  8608 | D:10     | 8608 ||| INVOKING Spit Poison.
  8613 | D:10     | 8613 ||| INVOKING Spit Poison.
  8621 | D:10     | 8621 ||| INVOKING Spit Poison.
  8625 | D:10     | 8625 ||| INVOKING Heroism.
  8627 | D:10     | 8627 ||| INVOKING Spit Poison.
  8726 | D:10     | 8726 ||| INVOKING Spit Poison.
  8740 | D:10     | 8740 ||| INVOKING Spit Poison.
  8741 | D:10     | 8741 ||| INVOKING Heroism.
  8747 | D:10     | 8747 ||| INVOKING Spit Poison.
  8905 | D:10     | 8905 ||| INVOKING Spit Poison.
  8909 | D:10     | 8909 ||| INVOKING Spit Poison.
  8909 | D:10     | Reached **** piety under Okawaru
  8924 | D:10     | 8924 ||| INVOKING Heroism.
  8925 | D:10     | 8925 ||| INVOKING Spit Poison.
  8929 | D:10     | 8929 ||| INVOKING Spit Poison.
  8929 | D:10     | Noticed a boulder beetle
  8936 | D:10     | 8936 ||| INVOKING Spit Poison.
  8940 | D:10     | 8940 ||| INVOKING Spit Poison.
  8945 | D:10     | 8945 ||| INVOKING Heroism.
  8947 | D:10     | 8947 ||| INVOKING Spit Poison.
  8951 | D:10     | Killed a boulder beetle
  9102 | D:10     | Noticed a two-headed ogre
  9103 | D:10     | 9103 ||| INVOKING Heroism.
  9104 | D:10     | 9104 ||| INVOKING Spit Poison.
  9112 | D:10     | 9112 ||| INVOKING Spit Poison.
  9115 | D:10     | Killed a two-headed ogre
  9207 | D:10     | 9207 ||| INVOKING Spit Poison.
  9210 | D:10     | 9210 ||| INVOKING Spit Poison.
  9211 | D:10     | 9211 ||| INVOKING Spit Poison.
  9218 | D:10     | 9218 ||| INVOKING Spit Poison.
  9270 | D:10     | 9270 ||| READING 2 scrolls labelled SIZIL FIASUI.
  9371 | D:10     | 9371 ||| READING 2 scrolls of identify.
  9371 | D:10     | 9371 ||| IDENTIFYING green potion
  9372 | D:10     | 9372 ||| DROPPING scroll of silence.
  9373 | D:10     | 9373 ||| DROPPING potion of brilliance.
  9464 | D:9      | 9464 ||| INVOKING Heroism.
  9466 | D:9      | 9466 ||| INVOKING Spit Poison.
  9470 | D:9      | Reached skill level 13 in Ranged Weapons
  9495 | D:9      | 9495 ||| INVOKING Spit Poison.
  9583 | D:9      | Found a basalt altar of Yredelemnul.
  9585 | D:9      | 9585 ||| INVOKING Heroism.
  9586 | D:9      | 9586 ||| INVOKING Spit Poison.
  9591 | D:9      | 9591 ||| INVOKING Spit Poison.
  9664 | D:9      | 9664 ||| INVOKING Spit Poison.
  9808 | D:9      | Found a glowing silver altar of Zin.
  9815 | D:9      | Found a stormy altar of Qazlal.
  9822 | D:9      | Found a shimmering blue altar of Sif Muna.
  9829 | D:9      | Found an ornate altar of the Wu Jian Council.
  9834 | D:9      | Found a snail-covered altar of Cheibriados.
  9840 | D:9      | Found a sparkling altar of Nemelex Xobeh.
  9845 | D:9      | Found a broken altar of Ashenzari.
  9887 | D:9      | Found a staircase to the Lair.
  9888 | D:9      | 9888 ||| INVOKING Heroism.
  9889 | D:9      | 9889 ||| INVOKING Spit Poison.
  9893 | D:9      | Reached skill level 6 in Invocations
 10007 | D:9      | 10007 ||| PLANNING LAIR
 10007 | D:9      | 10007 ||| UPGRADING to amulet of faith.
 10017 | D:9      | 10017 ||| READING scroll labelled HOSYZA ELLUO.
 10059 | Lair:1   | Entered Level 1 of the Lair of Beasts
 10060 | Lair:1   | 10060 ||| INVOKING Spit Poison.
 10066 | Lair:1   | 10066 ||| INVOKING Spit Poison.
 10105 | Lair:1   | 10105 ||| INVOKING Spit Poison.
 10108 | Lair:1   | 10108 ||| INVOKING Heroism.
 10109 | Lair:1   | 10109 ||| INVOKING Spit Poison.
 10144 | Lair:1   | 10144 ||| INVOKING Heroism.
 10148 | Lair:1   | Reached skill level 9 in Fighting
 10148 | Lair:1   | Reached XP level 12. HP: 114/114 MP: 14/17
 10180 | Lair:1   | 10180 ||| INVOKING Heroism.
 10197 | Lair:1   | Reached ***** piety under Okawaru
 10212 | Lair:1   | Found a transporter.
 10411 | Lair:1   | Found a transporter.
 10415 | Lair:1   | Noticed qw's ghost (novice GrHu)
 11321 | Lair:1   | 11321 ||| READING 2 scrolls of identify.
 11321 | Lair:1   | 11321 ||| IDENTIFYING purple potion
 11322 | Lair:1   | 11322 ||| DROPPING potion of enlightenment.
 11378 | Lair:2   | 11378 ||| INVOKING Heroism.
 11405 | Lair:2   | Noticed an eight-headed hydra
 11409 | Lair:2   | Killed an eight-headed hydra
 11409 | Lair:2   | Received a gift from Okawaru
 11589 | Lair:2   | 11589 ||| INVOKING Heroism.
 11702 | Lair:2   | Found a staircase to the Swamp.
 11703 | Lair:2   | 11703 ||| INVOKING Heroism.
 11931 | Lair:2   | 11931 ||| INVOKING Heroism.
 12469 | Lair:2   | 12469 ||| READING scroll labelled ADOILO WUOM.
 12470 | Lair:2   | 12470 ||| READING 3 scrolls of identify.
 12470 | Lair:2   | 12470 ||| IDENTIFYING fuming inky potion
 12500 | Lair:3   | Found a blossoming altar of Fedhas.
 12501 | Lair:3   | 12501 ||| INVOKING Heroism.
 12550 | Lair:3   | 12550 ||| INVOKING Heroism.
 12554 | Lair:3   | Reached skill level 9 in Invocations
 12616 | Lair:3   | Noticed a skyshark
 12619 | Lair:3   | Killed a skyshark
 12672 | Lair:3   | Noticed a five-headed hydra
 12688 | Lair:3   | Noticed a five-headed hydra
 12689 | Lair:3   | 12689 ||| INVOKING Heroism.
 12693 | Lair:3   | Killed a five-headed hydra
 12717 | Lair:3   | Reached skill level 14 in Ranged Weapons
 12742 | Lair:3   | 12742 ||| INVOKING Heroism.
 12838 | Lair:3   | 12838 ||| INVOKING Heroism.
 12844 | Lair:3   | Killed a five-headed hydra
 12922 | Lair:3   | Received a gift from Okawaru
 13121 | Lair:3   | Found a hole to the Spider Nest.
 13122 | Lair:3   | 13122 ||| INVOKING Heroism.
 13460 | Lair:3   | 13460 ||| READING scroll labelled QUABOT OMPO.
 13541 | Lair:4   | Gained mutation: You can use your snake-like lower body to
                  | constrict enemies. [Naga growth]
 13541 | Lair:4   | Reached XP level 13. HP: 123/123 MP: 20/20
 13727 | Lair:4   | Found a frozen archway.
 13762 | Lair:4   | Found a runed translucent door.
 13764 | Lair:4   | Found a viscous altar of Jiyva.
 13766 | Lair:4   | Found a staircase to the Slime Pits.
 13778 | Lair:4   | 13778 ||| INVOKING Heroism.
 13988 | Lair:4   | 13988 ||| INVOKING Heroism.
 14012 | Lair:4   | 14012 ||| INVOKING Heroism.
 14311 | Lair:5   | Entered Level 5 of the Lair of Beasts
 14315 | Lair:5   | 14315 ||| INVOKING Heroism.
 14503 | Lair:5   | Reached skill level 15 in Ranged Weapons
 14607 | Lair:5   | Found a dark tunnel.
 14644 | Lair:5   | 14644 ||| INVOKING Heroism.
 14790 | Lair:5   | 14790 ||| INVOKING Heroism.
 14794 | Lair:5   | 14794 ||| INVOKING Finesse.
 14815 | Lair:5   | Reached skill level 6 in Dodging
 14866 | Lair:5   | 14866 ||| INVOKING Heroism.
 14892 | Lair:5   | 14892 ||| INVOKING Finesse.
 14912 | Lair:5   | Received a gift from Okawaru
 14974 | Lair:5   | Identified the +4 rapier of the Shouting Gods {holy,
                  | Fragile rF+++ rCorr Dex-2}
 15102 | Lair:5   | 15102 ||| INVOKING Heroism.
 15234 | Lair:5   | 15234 ||| INVOKING Heroism.
 15237 | Lair:5   | Reached skill level 16 in Ranged Weapons
 15353 | Lair:5   | 15353 ||| INVOKING Heroism.
 15383 | Lair:5   | 15383 ||| Stepping ~*~*~tactically~*~*~ (outnumbered).
 15389 | Lair:5   | Reached XP level 14. HP: 133/133 MP: 21/21
 15399 | Lair:5   | 15399 ||| Stepping ~*~*~tactically~*~*~ (outnumbered).
 15445 | Lair:5   | 15445 ||| INVOKING Heroism.
 15511 | Lair:5   | 15511 ||| READING scroll of enchant armour.
 15511 | Lair:5   | 15511 ||| ENCHANTING +0 steam dragon scales.
 15515 | Lair:5   | 15515 ||| INVOKING Heroism.
 15685 | Lair:5   | 15685 ||| INVOKING Heroism.
 15905 | Lair:5   | Identified the +4 flail of the Wraith {freeze, rPois rF-
                  | rN+ SInv}
 15979 | Lair:5   | Identified the +0 chain mail of Complete Protection {rF+}
                  | (Okawaru gifted it to you on level 5 of the Lair of Beasts)
 15979 | Lair:5   | Received a gift from Okawaru
 16025 | Lair:5   | 16025 ||| INVOKING Heroism.
 16240 | Lair:5   | 16240 ||| Stepping ~*~*~tactically~*~*~ (outnumbered).
 16286 | Lair:5   | 16286 ||| INVOKING Heroism.
 16291 | Lair:5   | 16291 ||| Stepping ~*~*~tactically~*~*~ (outnumbered).
 16354 | Lair:5   | 16354 ||| INVOKING Heroism.
 16355 | Lair:5   | 16355 ||| INVOKING Finesse.
 16382 | Lair:5   | Reached skill level 17 in Ranged Weapons
 16423 | Lair:5   | Noticed a dire elephant
 16423 | Lair:5   | 16423 ||| INVOKING Heroism.
 16440 | Lair:5   | Killed a dire elephant
 16588 | Lair:5   | Identified the ring "Tapomeul" {Fire rPois Str+2 Int+3}
 16747 | Lair:5   | 16747 ||| PLANNING D:1-11
 16747 | Lair:5   | 16747 ||| DROPPING +0 leather armour of cold resistance.
 16748 | Lair:5   | 16748 ||| DROPPING ring of ice.
 16749 | Lair:5   | 16749 ||| READING 4 scrolls of identify.
 16749 | Lair:5   | 16749 ||| IDENTIFYING sedimented amethyst potion
 16750 | Lair:5   | 16750 ||| DROPPING potion of invisibility.
 16891 | D:10     | 16891 ||| STAIRDANCE
 17064 | D:10     | Found a staircase to the Orcish Mines.
 17067 | D:10     | 17067 ||| Stepping ~*~*~tactically~*~*~ (outnumbered).
 17081 | D:10     | 17081 ||| Stepping ~*~*~tactically~*~*~ (outnumbered).
 17127 | D:10     | 17127 ||| Stepping ~*~*~tactically~*~*~ (outnumbered).
 17129 | D:10     | 17129 ||| Stepping ~*~*~tactically~*~*~ (outnumbered).
 17441 | D:10     | 17441 ||| READING scroll labelled HABLEF DAESOJE.
 17496 | D:11     | Received a gift from Okawaru
 17497 | D:11     | Reached skill level 6 in Armour
 17526 | D:11     | 17526 ||| DROPPING +3 longbow of freezing.
 17833 | D:11     | Noticed Urug
 17834 | D:11     | 17834 ||| INVOKING Heroism.
 17835 | D:11     | 17835 ||| INVOKING Finesse.
 17840 | D:11     | Killed Urug
 18005 | D:11     | 18005 ||| FLEEEEING.
 18006 | D:11     | 18006 ||| FLEEEEING.
 18007 | D:11     | 18007 ||| FLEEEEING.
 18008 | D:11     | 18008 ||| FLEEEEING.
 18101 | D:11     | Found a blossoming altar of Fedhas.
 18461 | D:11     | 18461 ||| PLANNING D
 18461 | D:11     | 18461 ||| DROPPING amulet of magic regeneration.
 18462 | D:11     | 18462 ||| DROPPING ring of positive energy.
 18645 | D:12     | Noticed Kirke
 18646 | D:12     | 18646 ||| INVOKING Heroism.
 18647 | D:12     | 18647 ||| INVOKING Finesse.
 18690 | D:12     | 18690 ||| Stepping ~*~*~tactically~*~*~ (outnumbered).
 18698 | D:12     | Killed Kirke
 18705 | D:12     | 18705 ||| INVOKING Heroism.
 18890 | D:12     | 18890 ||| READING scroll of enchant weapon.
 18890 | D:12     | 18890 ||| ENCHANTING +3 longbow of flaming.
 18965 | D:12     | 18965 ||| INVOKING Heroism.
 19222 | D:12     | 19222 ||| INVOKING Heroism.
 19232 | D:12     | Reached XP level 15. HP: 116/141 MP: 20/22
 19366 | D:12     | 19366 ||| INVOKING Heroism.
 19380 | D:12     | HP: 32/141 [burnt (4)]
 19381 | D:12     | 19381 ||| READING 8 scrolls of teleportation.
 19382 | D:12     | 19382 ||| DRINKING 4 potions of heal wounds.
 19386 | D:12     | 19386 ||| INVOKING Heroism.
 19391 | D:12     | HP: 34/141 [two-headed ogre/+0 giant club (8)]
 19392 | D:12     | 19392 ||| READING 7 scrolls of teleportation.
 19393 | D:12     | 19393 ||| DRINKING 3 potions of heal wounds.
 19837 | D:12     | Identified the +1 barding of the Dropbear {rElec rPois rF-
                  | Str+9} (Okawaru gifted it to you on level 12 of the
                  | Dungeon)
 19837 | D:12     | Received a gift from Okawaru
 19838 | D:12     | Reached skill level 18 in Ranged Weapons
 19852 | D:12     | 19852 ||| INVOKING Heroism.
 20184 | D:12     | 20184 ||| Stepping ~*~*~tactically~*~*~ (outnumbered).
 20259 | D:12     | 20259 ||| FLEEEEING.
 20260 | D:12     | 20260 ||| FLEEEEING.
 20261 | D:12     | 20261 ||| FLEEEEING.
 20265 | D:12     | 20265 ||| FLEEEEING.
 20277 | D:12     | 20277 ||| FLEEEEING.
 20278 | D:12     | 20278 ||| FLEEEEING.
 20279 | D:12     | 20279 ||| FLEEEEING.
 20280 | D:12     | 20280 ||| FLEEEEING.
 20282 | D:12     | 20282 ||| STAIRDANCE
 20331 | D:12     | 20331 ||| FLEEEEING.
 20332 | D:12     | 20332 ||| STAIRDANCE
 20524 | D:12     | 20524 ||| INVOKING Heroism.
 20564 | D:12     | Reached skill level 12 in Fighting
 20663 | D:13     | 20663 ||| STAIRDANCE
 20791 | D:13     | 20791 ||| Stepping ~*~*~tactically~*~*~ (outnumbered).
 21042 | D:13     | Noticed Erolcha
 21048 | D:13     | Killed Erolcha
 21104 | D:13     | Found a gate to the Vaults.
 21105 | D:13     | 21105 ||| Stepping ~*~*~tactically~*~*~ (outnumbered).
 21115 | D:13     | 21115 ||| INVOKING Heroism.
 21119 | D:13     | HP: 33/144 [boulder beetle (13)]
 21120 | D:13     | 21120 ||| READING 7 scrolls of teleportation.
 21120 | D:13     | HP: 11/144 [vault guard/+1 war axe of electrocution (7)]
 21121 | D:13     | 21121 ||| DRINKING 2 potions of heal wounds.
 21121 | D:13     | Slain by a boulder beetle

Levels and vault maps discovered:
D:1:      noname_arrival_rooms_in_the_neighbourhood, layout_loops_ring,
          chequers_serial_rivers_micro_e, chequers_big_river,
          nicolae_shop_unique_rings
D:2:      layout_basic, minmay_liquid_box
D:3:      layout_loops_corners, cheibrodos_sewer_entry_drain,
          dilly_ecumenical_altar_fadedgnrine, uniq_ijyb
D:4:      layout_loops_ring, grunt_gozag_breadcrumbs, uniq_pargi,
          uniq_blork_the_orc
D:5:      layout_loops_corners, minmay_temple_entry_stoned_glass, uniq_sigmund,
          uniq_grinder, uniq_duvessa
D:6:      corexii_shantytown, layout_rooms, serial_glass, glass_columns_a,
          glass_columns_c, due_unseen_surprise, feat_on_display,
          item_on_display_a
D:7:      layout_basic, minivault_27, uniq_crazy_yiuf_cottage
D:8:      layout_basic, tso_metal_star, minmay_shop_enchanted_jewellery,
          chequers_serial_rivers_micro_c, nicolae_stop_n_shop_1, uniq_grum
D:9:      layout_irregular_city, grunt_temple_overflow_growth_and_decay,
          mainiacjoe_overflow_small_starburst, grunt_temple_overflow_octagram,
          grunt_lair_entry_orc_guard_hut, lightli_fourway_metalbox
D:10:     minmay_polygon_palace, layout_small_grid,
          kennysheep_orc_monster_closet_entryway
D:11:     layout_cave_pods, fedhas_altar_3, uniq_urug
D:12:     nzn_winding_woodlands_stair_trap [nzn_winding_woodlands_5x15_zeroes,
          nzn_winding_woodlands_5x15_pathside_ponds,
          nzn_winding_woodlands_5x15_jagged,
          nzn_winding_woodlands_15x15_thick_spiral,
          nzn_winding_woodlands_5x15_longhouse,
          nzn_winding_woodlands_5x15_concentric,
          nzn_winding_woodlands_5x15_crooked], layout_basic, uniq_kirke
D:13:     minmay_shrinking_squares, layout_loops_cross,
          lightli_vaults_fourway_checkpoint, uniq_erolcha
Temple:   eino_wide_crystal_templ
Lair:1:   layout_layer_cave, gammafunk_ghost_arena
Lair:2:   layout_concentric_octagons, minmay_swamp_entry_worms,
          serial_bayou_crossing
Lair:3:   layout_regular_city, spider_nest_entry_funnel_web, serial_forest,
          infiniplex_forest_straight_3, infiniplex_forest_clump_double,
          infiniplex_forest_clump_curved, infiniplex_forest_end_2,
          infiniplex_forest_join, infiniplex_forest_straight_5,
          infiniplex_forest_clump_medium, infiniplex_forest_lined_corner,
          minivault_23, st_stairs_8, lemuel_oklob_altar
Lair:4:   layout_regular_city, slime_entry_2, portal_ice_cave_entry_pillars_1
Lair:5:   hangedman_lair_caniforms_friends, layout_long_grid,
          hangedman_lair_in_review, nicolae_volcano_entry_hallway,
          infiniplex_staircase_pool_2

Skill      XL: |  1  2  3  4  5  6  7  8  9 10 11 12 13 14 15 |
---------------+----------------------------------------------+-----
Ranged Weapons | 4 5 6 7 9 10 11 13 14 16 17 18 | 18.3
Fighting       | 3 4 5 7 8 9 10 11 12 | 12.0
Dodging        | 2 3 4 5 6 7 8 |  8.0
Armour         | 2 3 4 5 6 |  6.0
Invocations    | 4 6 9 10 | 10.0
Stealth        | |  1.5

Action                     |  1- 3 |  4- 6 |  7- 9 | 10-12 | 13-15 || total
---------------------------+-------+-------+-------+-------+-------++-------
  Melee: Unarmed           |       |       |       |       |    47 ||    47
   Fire: Shortbow          |    89 |    83 |   265 |       |       ||   437
         Longbow           |       |       |    60 |   441 |  1054 ||  1555
 Invoke: Heroism           |       |       |     6 |    29 |    27 ||    62
         Finesse           |       |       |       |       |     5 ||     5
Ability: Spit Poison       |    30 |    31 |    83 |    63 |       ||   207
    Use: Scroll            |     2 |     8 |     7 |    10 |     7 ||    34
         Potion            |       |       |     2 |     2 |     3 ||     7
 Armour: Leather armour    |    15 |    17 |    51 |       |       ||    83
         Steam dragon scal |       |       |    56 |   118 |   257 ||   431
         Skin              |       |       |     7 |       |       ||     7
  Dodge: Dodged            |    27 |    25 |   137 |   149 |   317 ||   655
  Block: Other             |       |       |       |    26 |       ||    26
         Reflection        |       |       |       |     2 |       ||     2

Table legend:
 A = Non-vault XP
 B = Vault XP
 C = Vault XP percentage of total XP
 D = Non-vault monster count
 E = Vault monster count
 F = Vault count percentage of total count
                 A         B        C        D         E       F
            +---------+---------+-------+---------+---------+-------
      Total |   60274 |   47569 |  44.1 |     384 |     202 |  34.5
            +---------+---------+-------+---------+---------+-------
        D:1 |      41 |       0 |   0.0 |      25 |       0 |   0.0
        D:2 |      72 |       0 |   0.0 |      25 |       0 |   0.0
        D:3 |      49 |      38 |  43.7 |      16 |       3 |  15.8
        D:4 |     422 |     238 |  36.1 |      14 |       2 |  12.5
        D:5 |     808 |     697 |  46.3 |      15 |       4 |  21.1
        D:6 |     806 |      87 |   9.7 |      22 |      25 |  53.2
        D:7 |    1180 |       0 |   0.0 |      30 |       0 |   0.0
        D:8 |     897 |     652 |  42.1 |      19 |       5 |  20.8
        D:9 |    3138 |    1497 |  32.3 |      36 |       8 |  18.2
       D:10 |    3749 |    5604 |  59.9 |      18 |      36 |  66.7
       D:11 |    4856 |     788 |  14.0 |      27 |       1 |   3.6
       D:12 |    8188 |   14489 |  63.9 |      22 |      28 |  56.0
       D:13 |    3627 |    1695 |  31.8 |       6 |       2 |  25.0
     Lair:1 |    4010 |       0 |   0.0 |      17 |       0 |   0.0
     Lair:2 |    3270 |     453 |  12.2 |      14 |       2 |  12.5
     Lair:3 |    5453 |    1886 |  25.7 |      14 |       6 |  30.0
     Lair:4 |    4141 |       0 |   0.0 |      20 |       0 |   0.0
     Lair:5 |   15567 |   19382 |  55.5 |      44 |      74 |  62.7
      Sewer |       0 |      63 | 100.0 |       0 |       6 | 100.0
            +---------+---------+-------+---------+---------+-------
